 Dungeon Crawl Stone Soup version 0.30-a0-930-gb9d0489357 (webtiles) character file.

Game seed: 7292043602296351637

9422 jasper the Summoner (level 11, -2/61 (68) HPs)
             Began as a Tengu Summoner on Mar 23, 2023.
             Was a Believer of Ashenzari.
             Slain by a spectral orc warrior
             ... wielding a +0 glaive
             ... summoned by Nergalle
              (9 damage)
             ... on level 11 of the Dungeon.
             The game lasted 00:21:10 (9395 turns).

jasper the Summoner (Tengu Summoner)                Turns: 9395, Time: 00:21:11

HP:   -2/61 (68)    AC:  7    Str:  8    XL:     11   Next: 46%
MP:   16/26         EV: 26    Int: 19    God:    Ashenzari [**....]
Gold: 598           SH:  5    Dex: 16    Spells: 6/17 levels left

rFire   . . .      SeeInvis +    B - +0 trident (freeze)
rCold   . . .      Faith    .    (no shield)
rNeg    . . .      Spirit   .    O - +0 steam dragon scales
rPois   .          Reflect  +    (helmet restricted)
rElec   .          Rampage  .    (no cloak)
rCorr   .                        h - +1 pair of gloves of the Fated Augurer {Range, Fort} (curse)
Will    .....                    (boots unavailable)
Stlth   ++                       S - amulet of reflection
HPRegen 0.30/turn                l - ring "Behold Eternity" {MP+9, Bglg, Cun} (curse)
MPRegen 0.20/turn                t - ring of the Sublime God {EV+5, Cun, Range} (curse)

@: lethally poisoned (-2 -> -8), flying quickly and evasively, heavily drained,
quick
A: beak, talons 3, nimble flight
a: Renounce Religion, Shatter the Chains


You were on level 11 of the Dungeon.
You worshipped Ashenzari.
Ashenzari was pleased with you.
You visited 2 branches of the dungeon, and saw 12 of its levels.

You collected 598 gold pieces.

Inventory:

Hand Weapons
 e - a +0 whip
 k - a +0 war axe
 m - a +0 spear
 B - a +0 trident of freezing (weapon)
 M - a +1 demon whip of venom
Missiles
 d - 94 stones
 p - 40 poisoned darts
 y - 2 curare-tipped darts
 D - a throwing net
Armour
 a - a +0 robe
 h - the cursed +1 pair of gloves of the Fated Augurer (worn) {Range, Fort}
   (You found it on level 1 of the Dungeon)

   It has a curse which improves the following skills: Ranged Combat: Ranged
   Weapons and Throwing.
   Fortitude: Armour and Shields.
 i - a +2 animal skin
 L - a +0 cloak
 O - +0 steam dragon scales (worn)
 R - the +0 ring mail of the Maze {rPois}
   (You found it on level 10 of the Dungeon)

   rPois:     It protects you from poison.
Jewellery
 l - the cursed ring "Behold Eternity" (left hand) {MP+9, Bglg, Cun}
   (You found it on level 3 of the Dungeon)

   [ring of magical power]

   MP:        It affects your magic capacity (+9).
   It has a curse which improves the following skills: Beguiling: Conjurations,
   Hexes and Translocations.
   Cunning:   Dodging and Stealth.
 t - the cursed ring of the Sublime God (right hand) {EV+5, Cun, Range}
   (You found it on level 3 of the Dungeon)

   [ring of evasion]

   EV:        It affects your evasion (+5).
   It has a curse which improves the following skills: Cunning: Dodging and
   Stealth.
   Ranged Combat: Ranged Weapons and Throwing.
 S - an amulet of reflection (around neck)
Wands
 v - a wand of acid (1)
 w - a wand of flame (5)
 C - a wand of charming (3)
 H - a wand of polymorph (12)
Scrolls
 o - 5 scrolls of fear
 r - 2 scrolls of poison
 z - 3 scrolls of magic mapping
 A - 3 scrolls of teleportation
 G - a scroll of blinking
 I - 5 scrolls of identify
 J - a scroll of summoning
 K - a scroll of amnesia
 N - a scroll of fog
 Q - a scroll of enchant weapon
Potions
 b - a potion of magic
 c - a potion of haste
 f - 2 potions of flight
 g - 5 potions of curing
 j - 2 potions of attraction
 n - 6 potions of mutation
 q - a potion of berserk rage
 s - a potion of invisibility
 u - a potion of ambrosia
 x - 2 potions of degeneration
 E - a potion of brilliance
 F - a potion of cancellation
 P - 2 potions of heal wounds


   Skills:
 - Level 7.9 Fighting
 - Level 6.5 Polearms
 - Level 9.0(10.8) Dodging
 - Level 2.0(3.3) Stealth
 * Level 3.6 Spellcasting
 - Level 14.2 Summonings
 - Level 3.0 Air Magic


You had 6 spell levels left.
You knew the following spells:

 Your Spells              Type           Power      Damage    Failure   Level
a - Summon Small Mammal   Summ           100%       N/A       1%          1
b - Summon Guardian Gole  Hex/Summ       30%        N/A       2%          3
c - Call Canine Familiar  Summ           55%        N/A       1%          3
d - Summon Lightning Spi  Summ/Air       36%        N/A       4%          4

Your spell library contained the following spells:

 Spells                   Type           Power      Damage    Failure   Level
 Call Imp                 Summ           55%        N/A       1%          2
 Animate Armour           Summ/Erth      60%        N/A       8%          4
 Poisonous Vapours        Pois/Air       18%        N/A       12%         2
 Foxfire                  Conj/Fire      12%        2x1d4     14%         1
 Cigotuvi's Dreadful Rot  Necr/Pois/Air  14%        N/A       14%         2
 Ensorcelled Hibernation  Hex/Ice        6%         N/A       22%         2
 Sublimation of Blood     Necr           3%         N/A       22%         2
 Wereblood                Tmut           3%         N/A       22%         2
 Mephitic Cloud           Conj/Pois/Air  7%         N/A       28%         3
 Ozocubu's Armour         Ice            3%         N/A       41%         3
 Spider Form              Tmut/Pois      3%         N/A       41%         3
 Anguish                  Hex/Necr       1%         N/A       80%         4
 Animate Dead             Necr           3%         N/A       82%         4
 Fireball                 Conj/Fire      1%         3d3       98%         5
 Yara's Violent Unravell  Hex/Tmut       1%         3d3       98%         5
 Blade Hands              Tmut           1%         N/A       99%         5
 Iron Shot                Conj/Erth      1%         9d1       100%        6
 Starburst                Conj/Fire      1%         6d3       100%        6
 Summon Hydra             Summ           27%        N/A       34%         7
 Enfeeble                 Hex            1%         N/A       100%        7
 Haunt                    Necr/Summ      15%        N/A       100%        7
 Ozocubu's Refrigeration  Ice            1%         4d7       100%        7
 Infestation              Necr           1%         N/A       100%        8
 Chain Lightning          Conj/Air       4%         3d6       100%        9
 Fire Storm               Conj/Fire      1%         8d1       100%        9
 Shatter                  Erth           1%         3d6*      100%        9


Dungeon Overview and Level Annotations

Branches:
Dungeon (11/15)            Temple (1/1) D:6            Lair (0/5) D:9
    Orc (0/2) D:9

Altars:
Ashenzari
Cheibriados
Dithmenos
Elyvilon
Fedhas
Gozag
Hepliaklqana
Kikubaaqudgha
Makhleb
Nemelex Xobeh
Okawaru
Qazlal
Ru
Sif Muna
Trog
Uskayaw
Vehumet
Wu Jian
Xom
Yredelemnul
Zin
The Shining One

Annotations:
D:11 Nergalle


Innate Abilities, Weirdness & Mutations

You have a beak for a mouth.
You have claws for feet.
Your magical nature lets you fly swiftly and evasively.


Message History

Nergalle is moderately wounded.
Your wolf closely misses Nergalle.
Your guardian golem overheats!
The spectral orc warrior completely misses you.
Nergalle hits you with a +2 dagger of venom.
You are poisoned.
The spectral orc warrior misses you.
The spectral orc warrior hits your guardian golem with a +0 glaive.
Flame seeps out of your guardian golem. The spectral orc warrior misses you.
The spectral orc knight hits your wolf with a +0 great mace!
Flame seeps out of your guardian golem.
Your wolf bites Nergalle.
You take 5 damage, and have 32/64 hp.
You hit Nergalle but do no damage. You claw Nergalle.
You peck Nergalle, but do no damage.
Nergalle is heavily wounded.
You feel sick.
Your wolf bites Nergalle but does no damage.
The spectral orc warrior barely misses you.
Your guardian golem is engulfed in blazing flames.
Flame seeps out of your guardian golem.
Nergalle points at you and mumbles some strange words.
The bolt of negative energy hits you!!
You feel drained.
* * * LOW HITPOINT WARNING * * *
The bolt of negative energy hits the spectral orc warrior.
The spectral orc warrior completely resists.
The spectral orc warrior completely misses you.
The spectral orc warrior hits your guardian golem with a +0 glaive!
Your guardian golem disappears in a puff of smoke!
Your guardian golem explodes!
The fiery explosion engulfs the spectral orc warrior!
The spectral orc warrior is destroyed!
The spectral orc warrior disappears in a puff of smoke!
The fiery explosion engulfs the spectral orc!
The spectral orc is destroyed!
The spectral orc disappears in a puff of smoke!
The fiery explosion engulfs the spectral orc warrior!
The spectral orc warrior is destroyed!
The spectral orc warrior disappears in a puff of smoke!
The spectral orc warrior hits you from afar with a +0 glaive!
You die...

# * , +.# ,,
#.#####.#, ,,
,, , ,
#.......# , ,
,,, , ,
#.......# ,,,
#.......# ,,, ,
*
#>......######
, ,
#.........[..#
,,
#..#########.#
*
#..#.Zo@Z..'.#,
#. #.h§§§Z.#.#
, #,
#.Z§○§..#.#,, ,
,#.§§§§..#.# ,
#.......#.# , ,
,,#.......#.#*
, * #.......#..
, **
###+#####.. , ,
,


You could see Nergalle (ally target), a spectral orc (summoned), 2 spectral orc
warriors, a spectral orc knight (summoned) and a friendly wolf (summoned,
sheltered).

Vanquished Creatures
  Pikel (D:4)
  A gargoyle (D:10)
  A troll (D:11)
  A wyvern (D:8)
  A yak (D:9)
  3 vampire mosquitoes (D:10)
  A steam dragon (D:9)
  A sky beast (D:7)
  An ogre (D:5)
  A centaur (D:7)
  A phantom (D:4)
  2 kobold brigands
  A bullfrog (D:7)
  A scorpion (D:7)
  2 wights (D:8)
  A killer bee (D:9)
  An electric eel (D:8)
  3 howler monkeys
  A jelly (D:7)
  Crazy Yiuf (D:7)
  A hound (D:5)
  2 iguanas
  An orc wizard (D:5)
  2 adders (D:3)
  4 white imps
  2 dart slugs (D:2)
  3 orcs
  A ball python (D:1)
  2 endoplasms
  A giant cockroach (D:2)
  5 goblins
  4 hobgoblins
  7 jackals
  2 quokkas
  4 bats
  2 frilled lizards
  7 kobolds
  2 rats
78 creatures vanquished.

Vanquished Creatures (collateral kills)
  A death yak (D:9)
  Amaemon (D:8)
  An orange demon (D:8)
  A wraith (D:10)
  8 yaks (D:9)
  A wyvern (D:9)
  A steam dragon (D:9)
  A water moccasin (D:7)
  An orc warrior (D:8)
  A black bear (D:6)
  An ogre (D:4)
  A centaur (D:8)
  A kobold brigand (D:7)
  A scorpion (D:5)
  A gnoll sergeant (D:8)
  3 bullfrogs
  7 wights (D:8)
  5 killer bees (D:9)
  7 howler monkeys
  2 jellies
  An iguana (D:6)
  2 gnoll boudas
  6 orc wizards
  A nameless horror (D:8)
  A mummy (D:9)
  Robin (D:4)
  13 gnolls
  A river rat (D:9)
  5 adders
  2 shadow imps
  A white imp (D:7)
  A worm (D:2)
  A dart slug (D:2)
  14 orcs
  3 giant cockroaches
  6 goblins
  6 hobgoblins
  2 jackals
  A quokka (D:9)
  4 ball pythons
  2 bats
  2 frilled lizards
  11 kobolds
  4 rats
137 creatures vanquished.

Vanquished Creatures (others)
  2 death yaks (D:9)
  A troll (D:9)
  A gnoll (D:8)
  2 orcs (D:8)
6 creatures vanquished.

Grand Total: 221 creatures vanquished

Notes
Turn   | Place    | Note
-------+----------+-------------------------------------------
     0 | D:1      | jasper the Tengu Summoner began the quest for the Orb.
     0 | D:1      | Reached XP level 1. HP: 10/10 MP: 4/4
    46 | D:1      | Reached skill level 5 in Summonings
   154 | D:1      | Reached XP level 2. HP: 14/15 MP: 3/6
   173 | D:1      | Learned a level 2 spell: Call Imp
   782 | D:2      | Reached XP level 3. HP: 19/19 MP: 5/7
   790 | D:2      | Reached skill level 6 in Summonings
   830 | D:2      | Learned a level 3 spell: Call Canine Familiar
  1271 | D:2      | Reached XP level 4. HP: 24/24 MP: 4/8
  1593 | D:3      | Reached skill level 1 in Fighting
  2305 | D:4      | Noticed Robin
  2315 | D:3      | Gained mutation: Your magical nature lets you fly swiftly
                  | and evasively. [Tengu growth]
  2315 | D:3      | Reached XP level 5. HP: 25/29 MP: 9/9
  2355 | D:4      | Killed Robin
  2393 | D:4      | Identified the +9 sling "Lus Usme" {antimagic, Dex+5}
  2393 | D:4      | Noticed an ogre
  2404 | D:4      | Killed an ogre
  2405 | D:4      | Reached skill level 7 in Summonings
  2409 | D:4      | Learned a level 3 spell: Summon Guardian Golem
  2525 | D:4      | Reached XP level 6. HP: 34/35 MP: 10/10
  2778 | D:4      | Noticed Pikel
  2817 | D:4      | Killed Pikel
  2818 | D:4      | Reached skill level 9 in Summonings
  2818 | D:4      | Reached XP level 7. HP: 26/41 MP: 7/11
  3023 | D:5      | Entered Level 5 of the Dungeon
  3132 | D:5      | Reached XP level 8. HP: 48/48 MP: 12/12
  3155 | D:5      | Found a hide-covered altar of Uskayaw.
  3231 | D:5      | Found a sacrificial altar of Ru.
  3247 | D:5      | Reached skill level 5 in Dodging
  3382 | D:5      | Learned a level 4 spell: Summon Lightning Spire
  3507 | D:5      | Found an iron altar of Okawaru.
  3898 | D:6      | Reached skill level 1 in Air Magic
  4300 | D:6      | Reached skill level 10 in Summonings
  4439 | D:6      | Found an opulent altar of Gozag.
  4547 | D:6      | Found a staircase to the Ecumenical Temple.
  4580 | Temple   | Entered the Ecumenical Temple
  4722 | Temple   | Became a worshipper of Ashenzari the Shackled
  4900 | D:6      | Found a blossoming altar of Fedhas.
  4940 | D:6      | Found a glowing golden altar of the Shining One.
  5331 | D:7      | Reached XP level 9. HP: 53/53 MP: 13/13
  5347 | D:7      | Reached skill level 5 in Fighting
  5407 | D:7      | Reached skill level 1 in Polearms
  5448 | D:7      | Reached skill level 11 in Summonings
  5626 | D:7      | Found a runed translucent door.
  5627 | D:7      | Noticed Crazy Yiuf
  5701 | D:7      | Found an ancient bone altar of Kikubaaqudgha.
  5740 | D:7      | Found a shimmering blue altar of Sif Muna.
  5939 | D:7      | Killed Crazy Yiuf
  5946 | D:7      | Identified the +2 hammer of World's End {drain, +Blink
                  | rPois Will++ Int-3}
  6259 | D:8      | Found a shadowy altar of Dithmenos.
  6504 | D:8      | Found a hazy altar of Hepliaklqana.
  6505 | D:8      | Found an ornate altar of the Wu Jian Council.
  6745 | D:8      | Noticed Amaemon
  6746 | D:8      | Noticed an orange demon
  6757 | D:8      | Killed Amaemon
  6758 | D:8      | Reached skill level 12 in Summonings
  6758 | D:8      | Reached XP level 10. HP: 60/60 MP: 7/14
  6796 | D:8      | Killed an orange demon
  7406 | D:8      | Reached * piety under Ashenzari
  7458 | D:9      | Found a staircase to the Orcish Mines.
  7599 | D:9      | Reached skill level 13 in Summonings
  7636 | D:9      | Reached skill level 5 in Polearms
  7870 | D:9      | Noticed a death yak
  7872 | D:9      | Noticed a death yak
  7892 | D:9      | Noticed a death yak
  7897 | D:9      | Killed a death yak
  7905 | D:9      | Reached XP level 11. HP: 47/67 MP: 3/15
  7908 | D:9      | Killed a death yak
  7909 | D:9      | Reached skill level 14 in Summonings
  7924 | D:9      | Killed a death yak
  8059 | D:9      | Found a snail-covered altar of Cheibriados.
  8155 | D:9      | Found a staircase to the Lair.
  8216 | D:9      | Found a burning altar of Makhleb.
  8318 | D:9      | Found a sparkling altar of Nemelex Xobeh.
  8418 | D:10     | Entered Level 10 of the Dungeon
  8505 | D:10     | Found the +8 Wrath of Trog {antimagic, *Rage Rampage}
  8634 | D:10     | Identified the +7 dagger "Abirpheuk" {flame, rF++ Int+5
                  | Dex-5}
  8894 | D:10     | Identified the +0 ring mail of the Maze {rPois}
  9226 | D:11     | Reached ** piety under Ashenzari
  9378 | D:11     | Noticed Nergalle
  9395 | D:11     | Slain by a spectral orc warrior

Illustrated notes

Levels and vault maps discovered:
D:1:      minmay_arrival_cross, layout_rooms, serial_curves, eino_curves_01,
          eino_curves_02
D:2:      layout_loops_ring
D:3:      layout_loops_ring
D:4:      layout_rooms, uniq_pikel, uniq_robin
D:5:      layout_basic, eat_drink_and_be_merry_uskayaw,
          nicolae_ru_great_annihilating_truth, lemuel_crystal_altar,
          minmay_misc_feat_encased, minmay_misc_feat_chi,
          chequers_serial_rivers_micro_e
D:6:      layout_cave_pods, fedhas_altar_4, kennysheep_mini_moat,
          tso_oasis_becter, minmay_temple_entry_junction, grunt_ministairs_7,
          solitary_fountain
D:7:      layout_rooms, mainiacjoe_overflow_catwalk,
          mainiacjoe_overflow_24_doors, uniq_crazy_yiuf_cottage
D:8:      layout_rooms, grunt_dithmenos_smoke_and_mirrors,
          nicolae_overflow_squiral, uniq_amaemon
D:9:      layout_rooms, nemelex_spade_bored_becter,
          mainiacjoe_overflow_alcove_4, chei_slow_surprise, dpeg_lair_monsters
D:10:     layout_roguey
D:11:     layout_irregular_city, uniq_nergalle
Temple:   nicolae_temple_two_arcs

Skill      XL: |  1  2  3  4  5  6  7  8  9 10 11 |
---------------+----------------------------------+-----
Summonings     | 5 6 7 9 10 12 13 14 | 14.2
Fighting       | 1 2 3 4 6 7 |  7.9
Dodging        | 3 4 6 7 8 9 |  9.0
Air Magic      | 3 |  3.0
Polearms       | 3 5 6 |  6.5
Spellcasting   | 3 |  3.6
Stealth        | |  2.0

Action                     |  1- 3 |  4- 6 |  7- 9 | 10-12 || total
---------------------------+-------+-------+-------+-------++-------
  Melee: Whip              |    39 |       |       |       ||    39
         Kick              |    14 |    19 |    41 |    34 ||   108
         Peck              |     8 |     9 |    28 |    16 ||    61
         Spear             |    19 |    74 |    47 |       ||   140
         War axe           |     4 |       |       |       ||     4
         Punch             |       |       |     3 |     3 ||     6
         Trident           |       |       |    87 |   139 ||   226
  Throw: Dart              |       |     3 |       |       ||     3
   Cast: Summon Small Mamm |     9 |     1 |       |       ||    10
         Call Imp          |     7 |       |       |       ||     7
         Call Canine Famil |     2 |    16 |    30 |    29 ||    77
         Summon Lightning  |       |       |     8 |    13 ||    21
         Summon Guardian G |       |       |     8 |     8 ||    16
 Invoke: Curse Item        |       |       |     1 |     2 ||     3
  Evoke: Wand              |       |     3 |     2 |       ||     5
    Use: Scroll            |     2 |     8 |     9 |       ||    19
   Stab: Sleeping          |     3 |     3 |       |       ||     6
         Distracted        |       |     2 |     1 |     5 ||     8
 Armour: Robe              |    24 |    13 |       |       ||    37
         Animal skin       |       |     2 |    16 |     6 ||    24
         Steam dragon scal |       |       |       |     4 ||     4
  Dodge: Dodged            |    41 |    52 |   158 |   152 ||   403
  Block: Other             |       |       |       |     7 ||     7

Table legend: (Time is in decaauts)
 A = Elapsed time spent in this place.
 B = Non-inter-level travel time spent in this place.
 C = Inter-level travel time spent in this place.
 D = Time resting spent in this place.
 E = Time spent auto-exploring this place.
 F = Levels seen in this place.
 G = Mean time per level.
                   A        B        C        D        E       F      G
               +--------+--------+--------+--------+--------+-----+--------+
         Total |   9038 |   8754 |    284 |    580 |   6241 |  12 |  753.2 |
       Dungeon |   8897 |   8619 |    278 |    580 |   6217 |  11 |  808.8 |
        Temple |    141 |    135 |      6 |      0 |     24 |   1 |  141.0 |
               +--------+--------+--------+--------+--------+-----+--------+

Top non-repeatable levels by time:
     D:8: 1294 daAuts
     D:6: 1257 daAuts
     D:9: 975 daAuts
     D:3: 786 daAuts
     D:2: 785 daAuts
     D:1: 771 daAuts
     D:7: 767 daAuts
     D:5: 717 daAuts
    D:10: 716 daAuts
     D:4: 647 daAuts
    D:11: 179 daAuts
  Temple: 141 daAuts
